 Dungeon Crawl Stone Soup version 0.29.0-4-gdea44cf6ec (webtiles) character file.

Game seed: 5791137668912151798

585 qw the Chopper (level 7, -2/41 HPs)
             Began as a Tengu Warper on Aug 28, 2022.
             Was an Initiate of Okawaru.
             Slain by a hornet zombie (9 damage)
             ... on level 7 of the Dungeon.
             The game lasted 00:00:25 (4709 turns).

qw the Chopper (Tengu Warper)                       Turns: 4709, Time: 00:00:25

Health: -2/41      AC:  7    Str: 14    XL:     7   Next: 37%
Magic:  11/11      EV: 12    Int: 13    God:    Okawaru [......]
Gold:   27         SH:  0    Dex: 19    Spells: 10/10 levels left

rFire   . . .      SeeInvis .   Y - +0 hand axe (vorpal)
rCold   . . .      Faith    .   (no shield)
rNeg    . . .      Spirit   .   f - +0 scale mail
rPois   .          Reflect  .   (helmet restricted)
rElec   .          Harm     .   a - +0 cloak
rCorr   .          Rampage  .   (no gloves)
Will    .....                   (boots unavailable)
Stlth   ..........              (no amulet)
HPRegen 0.13/turn               n - +6 ring of dexterity
MPRegen 0.12/turn               (no ring)

@: about to teleport, flying quickly and evasively, quick
A: beak, talons 3, nimble flight
a: Renounce Religion


You were on level 7 of the Dungeon.
You worshipped Okawaru.
Okawaru was noncommittal.
You visited 2 branches of the dungeon, and saw 7 of its levels.

You collected 216 gold pieces.
You spent 189 gold pieces at shops.


Innate Abilities, Weirdness & Mutations

You have a beak for a mouth.
You have claws for feet.
Your magical nature lets you fly swiftly and evasively.


   Skills:
 - Level 3.4 Fighting
 + Level 7.7 Axes
 - Level 1.0 Throwing
 - Level 1.1 Armour
 - Level 3.1 Dodging
 - Level 2.0 Spellcasting
 - Level 2.4 Translocations


You had 10 spell levels left.
You didn't know any spells.
Your spell library contained the following spells:

 Spells                   Type           Power      Damage    Failure   Level
 Blink                    Tloc           14%        N/A       54%         2
 Gell's Gravitas          Tloc           7%         N/A       77%         3
 Lesser Beckoning         Tloc           7%         N/A       77%         3
 Teleport Other           Tloc           7%         N/A       77%         3
 Manifold Assault         Tloc           7%         N/A       100%        5

Inventory:

Hand Weapons
 j - a +0 flail
 Y - a +0 vorpal hand axe (weapon)
Missiles
 e - 10 boomerangs (quivered)
Armour
 a - a +0 cloak (worn)
 f - a +0 scale mail (worn)
Jewellery
 n - a +6 ring of dexterity (left hand)
Scrolls
 b - a scroll of identify
Potions
 c - a potion of might
 d - a potion of attraction {unknown}
 g - a potion of resistance {unknown}
 h - a potion of lignification {unknown}
 i - a potion of cancellation {unknown}
 k - a potion of brilliance {unknown}
 l - a potion of degeneration {unknown}
 o - a potion of invisibility {unknown}
 p - a potion of haste {unknown}

Dungeon Overview and Level Annotations

Branches:
Dungeon (5/15)             Temple (1/1) D:5

Altars:
Ashenzari
Cheibriados
Dithmenos
Elyvilon
Fedhas
Gozag
Hepliaklqana
Kikubaaqudgha
Makhleb
Nemelex Xobeh
Okawaru
Qazlal
Sif Muna
Uskayaw
Vehumet
Wu Jian
Yredelemnul
Zin
The Shining One

Shops:
D:5 *


Message History

You hit the hornet zombie but do no damage.
The hornet zombie hits you.
You hit the hornet zombie. Your kick misses the hornet zombie.
The hornet zombie is moderately damaged.
The hornet zombie barely misses you. The hornet zombie hits you!
You hit the hornet zombie. Your kick misses the hornet zombie.
The hornet zombie is moderately damaged.
The hornet zombie hits you but does no damage.
You slash the hornet zombie! You claw the hornet zombie.
Your punch misses the hornet zombie.
The hornet zombie is severely damaged.
The hornet zombie completely misses you.
You closely miss the hornet zombie.
You claw the hornet zombie, but do no damage.
The hornet zombie is severely damaged.
The hornet zombie hits you.
You hit the hornet zombie but do no damage.
The hornet zombie is severely damaged.
The hornet zombie misses you. The hornet zombie closely misses you.
You hit the hornet zombie but do no damage.
Your kick misses the hornet zombie. Your peck misses the hornet zombie.
The hornet zombie is severely damaged.
The hornet zombie hits you!
4706 ||| READING scroll of teleportation.
As you read the scroll of teleportation, it crumbles to dust.
You feel strangely unstable.
The hornet zombie hits you but does no damage.
You hit the hornet zombie.
The hornet zombie is severely damaged.
The hornet zombie hits you.
You barely miss the hornet zombie. Your kick misses the hornet zombie.
You peck the hornet zombie, but do no damage.
The hornet zombie is severely damaged.
The hornet zombie hits you but does no damage.
You barely miss the hornet zombie.
You claw the hornet zombie, but do no damage.
You peck the hornet zombie, but do no damage.
The hornet zombie is severely damaged.
The hornet zombie hits you!
You die... 77

.7 .........# ...
7. #+######.#
._.7.. #.# #.#
Z.7.7##.# #.#
?.7..#.# #.#
7...#.# #.#
77...#.# #.#
7.777.Z..#.# #.#
.......@...######.#
................#.#
..........#####.#.#
..................#
..........#####.###
###.......# #.#
#.......# #.#
####..#.# ..# .....
###


You could see a hornet zombie.

Vanquished Creatures
  A necrophage (D:5)
  3 scorpions
  A water moccasin zombie (D:7)
  2 hounds
  A jelly (D:5)
  An orc priest (D:5)
  An iguana (D:3)
  4 adders
  2 white imps
  3 ufetubi
  A worm (D:2)
  A dart slug (D:2)
  5 orcs
  8 ball pythons
  7 endoplasms
  5 giant cockroaches
  5 goblins
  7 hobgoblins
  4 quokkas
  4 bats
  3 frilled lizards
  12 kobolds
  3 rats
84 creatures vanquished.

Notes
Turn   | Place    | Note
-------+----------+-------------------------------------------
     0 | D:1      | qw the Tengu Warper began the quest for the Orb.
     0 | D:1      | Reached XP level 1. HP: 12/12 MP: 4/4
     0 | D:1      | 0 ||| qw: Version: 0.1-a-89-g26bdef1
     0 | D:1      | 0 ||| qw: Game counter: 1304
     0 | D:1      | 0 ||| qw: Always use a shield: true
     0 | D:1      | 0 ||| qw: God list: Okawaru
     0 | D:1      | 0 ||| qw: Allow faded altars: false
     0 | D:1      | 0 ||| qw: Do Orc after D:15 true
     0 | D:1      | 0 ||| qw: Do second Lair branch before Depths: true
     0 | D:1      | 0 ||| qw: Lair rune preference: random
     0 | D:1      | 0 ||| qw: Plans: Normal
     0 | D:1      | 0 ||| PLANNING D:1-11
   134 | D:1      | Reached XP level 2. HP: 17/17 MP: 6/6
   201 | D:1      | Reached skill level 3 in Axes
   463 | D:1      | 463 ||| Stepping ~*~*~tactically~*~*~ (stealth).
   465 | D:1      | 465 ||| Stepping ~*~*~tactically~*~*~ (stealth).
  1070 | D:1      | 1070 ||| DROPPING +0 club.
  1139 | D:1      | Found a faded altar of an unknown god.
  1145 | D:1      | Reached XP level 3. HP: 21/21 MP: 7/7
  1349 | D:1      | 1349 ||| UPGRADING to +0 ring mail.
  1359 | D:1      | 1359 ||| DROPPING +0 leather armour.
  1360 | D:1      | 1360 ||| UPGRADING to +0 scale mail.
  1370 | D:1      | 1370 ||| DROPPING +0 ring mail.
  1371 | D:1      | 1371 ||| READING scroll labelled NEFIORA XIUD.
  1376 | D:1      | 1376 ||| READING scroll labelled BECEBUSOXI.
  1377 | D:1      | 1377 ||| READING scroll labelled FUK AXOINI.
  1378 | D:1      | 1378 ||| DROPPING scroll of blinking.
  1425 | D:2      | Reached skill level 4 in Axes
  1472 | D:2      | 1472 ||| Stepping ~*~*~tactically~*~*~ (stealth).
  1729 | D:2      | 1729 ||| Stepping ~*~*~tactically~*~*~ (stealth).
  1900 | D:2      | 1900 ||| UPGRADING to +0 cloak.
  2034 | D:3      | 2034 ||| DROPPING +0 mace.
  2107 | D:3      | Reached XP level 4. HP: 26/26 MP: 8/8
  2126 | D:3      | Found a sparkling altar of Nemelex Xobeh.
  2168 | D:3      | 2168 ||| FLEEEEING.
  2169 | D:3      | 2169 ||| FLEEEEING.
  2170 | D:3      | 2170 ||| FLEEEEING.
  2171 | D:3      | 2171 ||| STAIRDANCE
  2314 | D:3      | 2314 ||| Stepping ~*~*~tactically~*~*~ (stealth).
  2436 | D:3      | Noticed a scorpion
  2444 | D:3      | Killed a scorpion
  2445 | D:3      | Reached skill level 5 in Axes
  2445 | D:3      | Gained mutation: Your magical nature lets you fly swiftly
                  | and evasively. [Tengu growth]
  2445 | D:3      | Reached XP level 5. HP: 11/30 MP: 9/9
  2729 | D:3      | Reached skill level 6 in Axes
  2910 | D:3      | 2910 ||| READING scroll labelled XONAYPT YMPIOR.
  3324 | D:4      | Reached XP level 6. HP: 35/35 MP: 10/10
  3397 | D:4      | 3397 ||| Stepping ~*~*~tactically~*~*~ (stealth).
  3563 | D:4      | 3563 ||| READING scroll of brand weapon.
  3563 | D:4      | 3563 ||| BRANDING +0 hand axe of venom.
  3679 | D:4      | Reached skill level 7 in Axes
  3857 | D:4      | 3857 ||| READING scroll labelled ALABOEGYEL.
  3858 | D:4      | 3858 ||| READING 2 scrolls of teleportation.
  3887 | D:5      | Entered Level 5 of the Dungeon
  3891 | D:5      | 3891 ||| STAIRDANCE
  3945 | D:5      | 3945 ||| STAIRDANCE
  4017 | D:5      | Reached skill level 3 in Fighting
  4162 | D:5      | Found Zimn's Assorted Antiques.
  4181 | D:5      | 4181 ||| FLEEEEING.
  4222 | D:5      | 4222 ||| BUYING garnet ring (135 gold).
  4222 | D:5      | Bought a garnet ring for 135 gold pieces
  4222 | D:5      | 4222 ||| BUYING scroll of identify (54 gold).
  4222 | D:5      | Bought a scroll of identify for 54 gold pieces
  4222 | D:5      | 4222 ||| SHOPLISTING scroll of identify (54 gold, have 10).
  4243 | D:5      | Found a staircase to the Ecumenical Temple.
  4244 | D:5      | 4244 ||| PLANNING TEMPLE
  4244 | D:5      | 4244 ||| UPGRADING to +6 ring of dexterity.
  4245 | D:5      | 4245 ||| READING 2 scrolls of identify.
  4245 | D:5      | 4245 ||| IDENTIFYING fuming brown potion
  4253 | Temple   | Entered the Ecumenical Temple
  4365 | Temple   | Became a worshipper of Warmaster Okawaru
  4380 | Temple   | 4380 ||| PLANNING D:1-11
  4476 | D:5      | Reached skill level 3 in Dodging
  4476 | D:5      | Reached XP level 7. HP: 41/41 MP: 11/11
  4484 | D:5      | 4484 ||| Stepping ~*~*~tactically~*~*~ (stealth).
  4555 | D:5      | You are sucked into a shaft and drop 2 floors!
  4685 | D:7      | Found a basalt altar of Yredelemnul.
  4689 | D:7      | 4689 ||| Stepping ~*~*~tactically~*~*~ (stealth).
  4705 | D:7      | HP: 8/41 [hornet zombie (9)]
  4706 | D:7      | 4706 ||| READING scroll of teleportation.
  4709 | D:7      | Slain by a hornet zombie

Levels and vault maps discovered:
D:1:      dpeg_arrival_rooms_with_view, layout_basic,
          chequers_ecumenical_altar_island
D:2:      layout_basic, hex_large
D:3:      layout_basic, nemelex_xobeh_ov_fountains_minmay, minmay_crystal_water
D:4:      layout_basic
D:5:      layout_basic, amethyst_overflow_temple_binary,
          minmay_temple_entry_drinking_statues, serial_shops, shop
D:7:      layout_basic, nicolae_yredelemnul_corpse_copse
Temple:   minmay_crystal_spiral_temple

Skill      XL: |  1  2  3  4  5  6 |
---------------+-------------------+-----
Axes           | 3 4 5 6 7 |  7.7
Fighting       | 3 |  3.4
Dodging        | 3 |  3.1
Throwing       | |  1.0
Armour         | |  1.1
Spellcasting   | |  2.0
Translocations | |  2.4

Action                   |  1- 3 |  4- 6 |  7- 9 || total
-------------------------+-------+-------+-------++-------
Melee: Hand axe          |    75 |    93 |    31 ||   199
       Peck              |     8 |    19 |     6 ||    33
       Kick              |    18 |    19 |    13 ||    50
       Punch             |       |       |     1 ||     1
Throw: Boomerang         |    20 |    56 |     6 ||    82
  Use: Scroll            |     3 |     5 |     1 ||     9
Armor: Leather armour    |    12 |       |       ||    12
       Scale mail        |     6 |    42 |    12 ||    60
Dodge: Dodged            |    37 |    42 |    23 ||   102

Table legend:
 A = Non-vault XP
 B = Vault XP
 C = Vault XP percentage of total XP
 D = Non-vault monster count
 E = Vault monster count
 F = Vault count percentage of total count
                 A         B        C        D         E       F
            +---------+---------+-------+---------+---------+-------
      Total |     751 |      85 |  10.2 |      81 |       3 |   3.6
            +---------+---------+-------+---------+---------+-------
        D:1 |      38 |       4 |   9.5 |      22 |       2 |   8.3
        D:2 |      21 |       0 |   0.0 |       9 |       0 |   0.0
        D:3 |     175 |       0 |   0.0 |      21 |       0 |   0.0
        D:4 |     186 |       0 |   0.0 |      18 |       0 |   0.0
        D:5 |     320 |       0 |   0.0 |      10 |       0 |   0.0
        D:7 |      11 |      81 |  88.0 |       1 |       1 |  50.0
            +---------+---------+-------+---------+---------+-------
